 Dungeon Crawl Stone Soup version 0.31.0-9-g3a7656b989 (webtiles) character file.

Game seed: 8222558964800965282

9 qw the Shooter (level 2, -6/14 HPs)
             Began as a Spriggan Hunter on Feb 2, 2024.
             Mangled by Terence
             ... wielding a +0 heavy hand axe
              (9 damage)
             ... on level 2 of the Dungeon.
             The game lasted 00:00:01 (685 turns).

qw the Shooter (Spriggan Hunter)                     Turns: 685, Time: 00:00:01

Health: -6/14      AC:  2    Str: 13    XL:     2   Next: 6%
Magic:  3/3        EV: 18    Int: 10    God:
Gold:   92         SH:  0    Dex: 18    Spells: 1/1 levels left

rFire   . . .        a - +0 shortbow
rCold   . . .        (shield currently unavailable)
rNeg    . . .        c - +0 robe
rPois   .            (helmet restricted)
rElec   .            (no cloak)
rCorr   .            (gloves unavailable)
SInv    +            (boots unavailable)
Will    .....        (no amulet)
Stlth   ++           d - +6 ring of strength
HPRegen 0.22/turn    (no ring)
MPRegen 0.08/turn

%: no passive effects
@: very quick
A: very small, no large weapons, unfitting armour, see invisible, speed 3
a: no special abilities


You were on level 2 of the Dungeon.
You visited 1 branch of the dungeon, and saw 2 of its levels.

You collected 92 gold pieces.


Innate Abilities, Weirdness & Mutations

You are very small and have problems with some larger weapons.
You are too small for most types of armour.
You have supernaturally acute eyesight. (SInv)
You cover ground extremely quickly. (Speed+++)


   Skills:
 - Level 1.5 Fighting
 - Level 4.0 Ranged Weapons
 + Level 3.8 Dodging
 - Level 1.5 Stealth


You had one spell level left.
You didn't know any spells.
Your spell library was empty.

Inventory:

Hand Weapons
 a - a +0 shortbow (weapon)
Armour
 c - a +0 robe (worn)
Jewellery
 d - a +6 ring of strength (left hand)
Potions
 f - a potion of resistance

Dungeon Overview and Level Annotations

Branches:
Dungeon (2/15)

Altars:

Annotations:
D:2 Terence


Message History

You shoot an arrow. The arrow hits the kobold!
You kill the kobold!
You start resting.
HP restored.
Items here: %% )).
You now have 92 gold pieces (gained 10).
Found a stone staircase leading up.
There is a stone staircase leading up here.
Terence and a frilled lizard come into view.
Terence is wielding a +0 heavy hand axe.
Found a leather armour.
The frilled lizard hisses angrily.
You shoot an arrow.
The arrow hits Terence but does no damage.
Terence shouts!
You shoot an arrow. The arrow closely misses Terence.
Terence hits you with a +0 heavy hand axe.
The frilled lizard barely misses you.
You shoot an arrow. The arrow hits Terence.
Terence is moderately wounded.
The frilled lizard barely misses you. Terence barely misses you.
You shoot an arrow. The arrow completely misses Terence.
The frilled lizard misses you.
You shoot an arrow. The arrow hits Terence.
Terence is heavily wounded.
Terence screams, "I want your blood!" Terence barely misses you.
The frilled lizard barely misses you. The frilled lizard closely misses you.
You shoot an arrow. The arrow barely misses Terence.
Terence closely misses you. The frilled lizard closely misses you.
You shoot an arrow. The arrow hits Terence!
Terence is severely wounded.
Terence hits you with a +0 heavy hand axe.
The frilled lizard bites you.
You shoot an arrow. The arrow closely misses Terence.
The frilled lizard closely misses you.
Terence hits you with a +0 heavy hand axe!
Ouch! That really hurt!
You die...
Terence says, "Rest in peace."

#....# ####.#
#.# #.# #.# #.#
#.# #<# #@#
.....[@.l......
.....##########
####


You could see Terence and a frilled lizard.

Vanquished Creatures
  An endoplasm (D:1)
  4 goblins
  2 kobolds (D:2)
  A bat (D:2)
8 creatures vanquished.

Notes
Turn   | Place    | Note
-------+----------+-------------------------------------------
     0 | D:1      | qw the Spriggan Hunter began the quest for the Orb.
     0 | D:1      | Reached XP level 1. HP: 10/10 MP: 2/2
     0 | D:1      | 0 ||| qw: Version: 0.3-a-155-g5e7d8dd
     0 | D:1      | 0 ||| qw: Game counter: 716
     0 | D:1      | 0 ||| qw: Melee chars always use a shield: true
     0 | D:1      | 0 ||| qw: God list: Okawaru
     0 | D:1      | 0 ||| qw: Allow faded altars: false
     0 | D:1      | 0 ||| qw: Do Orc after clearing Dungeon:15 true
     0 | D:1      | 0 ||| qw: Do second Lair branch before Depths: true
     0 | D:1      | 0 ||| qw: Lair rune preference: random
     0 | D:1      | 0 ||| qw: Goals: Normal
     0 | D:1      | 0 ||| PLANNING D:1-11
   260 | D:1      | Found a faded altar of an unknown god.
   263 | D:1      | Reached skill level 3 in Dodging
   589 | D:1      | 589 ||| READING scroll labelled GELAUP AMAID.
   590 | D:1      | 590 ||| READING scroll labelled LAKHEU RUUGGO.
   590 | D:1      | 590 ||| IDENTIFYING fizzy cyan potion
   591 | D:1      | 591 ||| READING scroll labelled WUEPHES ULEKK.
   591 | D:1      | Identified a scroll of acquirement
   591 | D:1      | 591 ||| ACQUIRING +6 ring of strength
   591 | D:1      | Acquired a +6 ring of strength
   593 | D:1      | 593 ||| UPGRADING to +6 ring of strength.
   594 | D:1      | 594 ||| DRINKING 2 fuming dark potions.
   600 | D:1      | 600 ||| DROPPING scroll of butterflies.
   601 | D:1      | 601 ||| DROPPING potion of ambrosia.
   651 | D:2      | Reached XP level 2. HP: 13/14 MP: 3/3
   677 | D:2      | Noticed Terence
   684 | D:2      | HP: 3/14 [frilled lizard (3)]
   685 | D:2      | Mangled by Terence

Levels and vault maps discovered:
D:1:      lemuel_arrival_broad_hall, layout_basic, basic_ecumenical_altar
D:2:      layout_loops_ring, basic_altar, uniq_terence, uniq_jessica

Skill      XL: |  1 |
---------------+----+-----
Dodging        | 3 |  3.8
Fighting       | |  1.5
Ranged Weapons | |  4.0
Stealth        | |  1.5

Action                     || total
---------------------------++-------
   Fire: Shortbow          ||    24
    Use: Scroll            ||     3
         Potion            ||     1
 Armour: Robe              ||     5
  Dodge: Dodged            ||    11

Table legend:
 A = Non-vault XP
 B = Vault XP
 C = Vault XP percentage of total XP
 D = Non-vault monster count
 E = Vault monster count
 F = Vault count percentage of total count
                 A         B        C        D         E       F
            +---------+---------+-------+---------+---------+-------
      Total |      14 |       0 |   0.0 |       8 |       0 |   0.0
            +---------+---------+-------+---------+---------+-------
        D:1 |       7 |       0 |   0.0 |       4 |       0 |   0.0
        D:2 |       7 |       0 |   0.0 |       4 |       0 |   0.0
            +---------+---------+-------+---------+---------+-------
